 Dungeon Crawl Stone Soup version 0.30.1-9-gdf580d7c3d (webtiles) character file.

Game seed: 8179544240985186372

1554229 GeoRichter the Slayer (level 26, 188/188 HPs)
             Began as a Deep Elf Air Elementalist on Sept 29, 2023.
             Was the Champion of Ashenzari.
             Escaped with the Orb
             ... and 3 runes on Oct 1, 2023!
             The game lasted 02:36:47 (79668 turns).

GeoRichter the Slayer (Deep Elf Air Elementalist)  Turns: 79668, Time: 02:36:48

Health: 188/188    AC: 10    Str:  7    XL:     26   Next: 13%
Magic:  45/48      EV: 42    Int: 38    God:    Ashenzari [******]
Gold:   1572       SH: 20    Dex: 30    Spells: 24/63 levels left

rFire   + + +        N - +10 zealot's sword {holy, Zealotry, *Rage rN+ EV+3, Elem, Melee} (curse)
rCold   + + .        j - +2 kite shield "Circumscribed With Me" {Str+3 Dex+2, Cun, Elem} (curse)
rNeg    + + .        c - +2 robe of the Ensconced Comet {rC+ rF+, Cun, Elem} (curse)
rPois   +            A - +2 hat of Ashenzari's Adversity {Str+3 Int+5 Dex+3, Evo, Self} (curse)
rElec   +            Q - scarf of Apeoromancy {rC+ rF+, Fort, Evo} (curse)
rCorr   +            m - +0 pair of gloves "Sidereal Doubts" {Cun, Elem} (curse)
SInv    +            J - +1 pair of boots of Ashenzari's Liberalism {rN+ Int+3 SInv, Elem, Self} (curse)
Will    +++..        q - amulet of Vitality {RegenMP++ Regen++, Fort, Comp} (curse)
Stlth   +++          O - ring "Fetters of Ashenzari" {rElec rF+ Will+ rCorr Str-5, Elem, Self} (curse)
HPRegen 2.11/turn    Y - ring of the Lashed Incredulity {rPois Dex+6 SInv, Bglg, Fort} (curse)
MPRegen 1.11/turn

%: clarity
@: studying Short Blades
A: horns 1, agile 1
0: Orb of Zot
}: 3/15 runes: serpentine, barnacled, silver
a: Renounce Religion, Shatter the Chains


You escaped.
You worshipped Ashenzari.
Ashenzari was exalted by your worship.
You visited 9 branches of the dungeon, and saw 47 of its levels.
You visited 1 bazaar.
You also visited: Trove, Gauntlet and Volcano.

You collected 7777 gold pieces.
You spent 6205 gold pieces at shops.

Inventory:

Hand Weapons
 N - the cursed +10 zealot's sword (weapon) {holy, Zealotry, *Rage rN+ EV+3, Elem, Melee}
   (You found it in a Gauntlet)

   Zealotry:  Whenever the wielder enters a berserk rage, their allies are
   berserked alongside them.
   EV:        It affects your evasion (+3).
   rN:        It protects you from negative energy.
   *Rage:     It berserks you when you make melee attacks (+20% chance).
   It has a curse which improves the following skills: Elements: Fire Magic, Ice
   Magic, Air Magic and Earth Magic.
   Melee Combat: Short Blades, Long Blades, Axes, Maces & Flails, Polearms,
   Staves and Unarmed Combat.
Missiles
 l - 4 curare-tipped darts {!f}
 z - 4 throwing nets {!f}
Armour
 c - the cursed +2 robe of the Ensconced Comet (worn) {rC+ rF+, Cun, Elem}
   (You took it off Blork the orc on level 4 of the Dungeon)

   It has a curse which improves the following skills: Cunning: Dodging and
   Stealth.
   Elements:  Fire Magic, Ice Magic, Air Magic and Earth Magic.
 j - the cursed +2 kite shield "Circumscribed With Me" (worn) {Str+3 Dex+2, Cun, Elem}
   (You took it off Donald on level 1 of the Vaults)

   Str:       It affects your strength (+3).
   Dex:       It affects your dexterity (+2).
   It has a curse which improves the following skills: Cunning: Dodging and
   Stealth.
   Elements:  Fire Magic, Ice Magic, Air Magic and Earth Magic.
 m - the cursed +0 pair of gloves "Sidereal Doubts" (worn) {Cun, Elem}
   (You found it on level 3 of the Dungeon)

   It has a curse which improves the following skills: Cunning: Dodging and
   Stealth.
   Elements:  Fire Magic, Ice Magic, Air Magic and Earth Magic.
 A - the cursed +2 hat of Ashenzari's Adversity (worn) {Str+3 Int+5 Dex+3, Evo, Self}
   (You acquired it on level 5 of the Lair of Beasts)

   Str:       It affects your strength (+3).
   Int:       It affects your intelligence (+5).
   Dex:       It affects your dexterity (+3).
   It has a curse which improves the following skills: Evocations: Evocations.
   Introspection: Fighting and Spellcasting.
 J - the cursed +1 pair of boots of Ashenzari's Liberalism (worn) {rN+ Int+3 SInv, Elem, Self}
   (You acquired it on level 3 of the Lair of Beasts)

   Int:       It affects your intelligence (+3).
   rN:        It protects you from negative energy.
   SInv:      It lets you see invisible.
   It has a curse which improves the following skills: Elements: Fire Magic, Ice
   Magic, Air Magic and Earth Magic.
   Introspection: Fighting and Spellcasting.
 K - the +18 shield of the Gong {Loud rN+ Will+ rCorr EV-5}
   (You found it on level 1 of the Vaults)

   Loud:      It is deafeningly noisy when blocking attacks.
   EV:        It affects your evasion (-5).
   rN:        It protects you from negative energy.
   rCorr:     It protects you from acid and corrosion.
   Will:      It increases your willpower.
 Q - the cursed scarf of Apeoromancy (worn) {rC+ rF+, Fort, Evo}
   (You found it on level 1 of the Shoals)

   It has a curse which improves the following skills: Fortitude: Armour and
   Shields.
   Evocations: Evocations.
 T - the +2 robe "Vael" {Archmagi}
   (You found it on level 3 of the Elven Halls)

   Archmagi:  It increases the power of your magical spells.
Magical Staves
 i - the staff of cold "Sotiazan" {rPois rC+ rCorr Str+6 Dex-5}
   (You found it on level 3 of the Elven Halls)

   [staff of cold]

   Base accuracy: +5 Base damage: 5 Base attack delay: 1.2 This weapon's minimum
   attack delay (0.6) is reached at skill level 12.
   Str:       It affects your strength (+6).
   Dex:       It affects your dexterity (-5).
   rC:        It protects you from cold.
   rPois:     It protects you from poison.
   rCorr:     It protects you from acid and corrosion.
   It falls into the 'Staves' category.
   It is a one-handed weapon.
 P - the staff of death "Awull" {+Blink rPois rF++ rN+ Str-3}
   (You found it in a Gauntlet)

   [staff of death]

   Base accuracy: +5 Base damage: 5 Base attack delay: 1.2 This weapon's minimum
   attack delay (0.6) is reached at skill level 12.
   Str:       It affects your strength (-3).
   rF:        It greatly protects you from fire.
   rPois:     It protects you from poison.
   rN:        It protects you from negative energy.
   +Blink:    It lets you blink.
   It falls into the 'Staves' category.
   It is a one-handed weapon.
Jewellery
 q - the cursed amulet of Vitality (around neck) {RegenMP++ Regen++, Fort, Comp}
   (You bought it in a shop on level 3 of the Snake Pit)

   [amulet of magic regeneration]

   It increases your rate of magic regeneration.
   Regen:     It increases your rate of health regeneration.
   It has a curse which improves the following skills: Fortitude: Armour and
   Shields.
   Companions: Summonings and Necromancy.
 M - the ring of Xuluseol {rN+ Int+3 Dex+6 Stlth+}
   (You found it in a treasure trove)

   [ring of dexterity]

   Int:       It affects your intelligence (+3).
   Dex:       It affects your dexterity (+6).
   rN:        It protects you from negative energy.
   Stlth:     It makes you more stealthy.
 O - the cursed ring "Fetters of Ashenzari" (left hand) {rElec rF+ Will+ rCorr Str-5, Elem, Self}
   (You found it on level 3 of the Elven Halls)

   [ring of willpower]

   Str:       It affects your strength (-5).
   rF:        It protects you from fire.
   rElec:     It insulates you from electricity.
   rCorr:     It protects you from acid and corrosion.
   Will:      It increases your willpower.
   It has a curse which improves the following skills: Elements: Fire Magic, Ice
   Magic, Air Magic and Earth Magic.
   Introspection: Fighting and Spellcasting.
 Y - the cursed ring of the Lashed Incredulity (right hand) {rPois Dex+6 SInv, Bglg, Fort}
   (You bought it in a shop on level 2 of the Elven Halls)

   [ring of dexterity]

   Dex:       It affects your dexterity (+6).
   rPois:     It protects you from poison.
   SInv:      It lets you see invisible.
   It has a curse which improves the following skills: Beguiling: Conjurations,
   Hexes and Translocations.
   Fortitude: Armour and Shields.
 Z - an amulet of guardian spirit
   (You found it on level 3 of the Depths)
Wands
 a - a wand of mindburst (59)
   (You found it on level 4 of the Dungeon)
 b - a wand of polymorph (30)
   (You found it on level 3 of the Shoals)
 w - a wand of flame (91)
   (You found it on level 4 of the Dungeon)
 B - a wand of acid (37)
   (You found it on level 7 of the Dungeon)
 S - a wand of paralysis (29)
   (You found it on level 14 of the Dungeon)
 X - a wand of iceblast (43)
   (You found it on level 15 of the Dungeon)
Scrolls
 g - 5 scrolls of brand weapon
 h - 8 scrolls of fear
 k - 22 scrolls of teleportation {@r4}
 n - 4 scrolls of poison
 r - 5 scrolls of enchant weapon
 s - 5 scrolls of torment {!r}
 t - 7 scrolls of immolation {!r}
 x - 11 scrolls of vulnerability {!r}
 C - 5 scrolls of fog
 G - 3 scrolls of enchant armour
 L - 5 scrolls of blinking
 U - 2 scrolls of silence
Potions
 d - 33 potions of curing {@q1}
 e - 7 potions of haste {@q3}
 f - 4 potions of berserk rage
 o - 12 potions of brilliance
 p - 4 potions of cancellation
 u - 12 potions of lignification {!q}
 E - 6 potions of mutation {!q}
 F - 5 potions of flight
 I - 3 potions of resistance
 R - 3 potions of might
 V - 4 potions of invisibility
 W - 2 potions of heal wounds {@q2}
Miscellaneous
 y - a phial of floods
   (You found it on level 14 of the Dungeon)
 D - a phantom mirror
   (You found it in a Gauntlet)


   Skills:
 - Level 21.1(25.4) Fighting
 - Level 1.7(7.8) Short Blades
 - Level 10.1(12.6) Long Blades
 - Level 5.0(9.4) Armour
 - Level 19.8(24.2) Dodging
 * Level 14.6(19.3) Stealth
 - Level 15.4(20.0) Shields
 - Level 14.7(19.3) Spellcasting
 - Level 11.6(14.0) Conjurations
 - Level 6.1(8.6) Necromancy
 - Level 9.0(16.4) Fire Magic
 - Level 19.2(26.5) Air Magic
 - Level 7.6(14.9) Earth Magic
 - Level 11.9(15.4) Evocations


You had 24 spell levels left.
You knew the following spells:

 Your Spells              Type           Power      Damage    Failure   Level
a - Borgnjor's Vile Clut  Necr/Erth      45%        N/A       1%          5
b - Iron Shot             Conj/Erth      49%        9d9       1%          6
c - Airstrike             Air            63%        2d(9-25)  0%          4
d - Arcjolt               Conj/Air       56%        1d66      0%          5
e - Plasma Beam           Fire/Air       58%        2x1d80    1%          6
f - Maxwell's Capacitive  Air            63%        ∞         1%          8
g - Wereblood             Tmut           36%        N/A       1%          2
h - Ozocubu's Armour      Ice            45%        N/A       2%          3

Your spell library contained the following spells:

 Spells                   Type           Power      Damage    Failure   Level
 Foxfire                  Conj/Fire      100%       2x1d9     0%          1
 Magic Dart               Conj           100%       1d8       0%          1
 Shock                    Conj/Air       100%       1d9       0%          1
 Poisonous Vapours        Pois/Air       100%       N/A       0%          2
 Static Discharge         Conj/Air       100%       2-7/arc   0%          2
 Mephitic Cloud           Conj/Pois/Air  96%        N/A       0%          3
 Swiftness                Air            100%       N/A       0%          3
 Vhi's Electric Charge    Tloc/Air       100%       N/A       0%          3
 Beastly Appendage        Tmut           72%        N/A       1%          1
 Freeze                   Ice            100%       1d10      1%          1
 Necrotise                Necr           100%       1d9       1%          1
 Slow                     Hex            100%       N/A       1%          1
 Sting                    Tmut/Pois      100%       1d8       1%          1
 Summon Small Mammal      Summ           100%       N/A       1%          1
 Call Imp                 Summ           78%        N/A       1%          2
 Ensorcelled Hibernation  Hex/Ice        84%        N/A       1%          2
 Passwall                 Tmut/Erth      63%        N/A       1%          2
 Dazzling Flash           Conj/Hex       100%       N/A       1%          3
 Hailstorm                Conj/Ice       76%        3d16      1%          3
 Vampiric Draining        Necr           80%        2d11      1%          3
 Volatile Blastmotes      Fire/Tloc      100%       2d18      1%          3
 Animate Armour           Summ/Erth      100%       N/A       1%          4
 Animate Dead             Necr           80%        N/A       1%          4
 Dispel Undead            Necr           80%        3d26      1%          4
 Fulminant Prism          Conj/Hex       37%        3d17      1%          4
 Iskenderun's Mystic Bla  Conj/Tloc      75%        2d15      1%          4
 Summon Lightning Spire   Summ/Air       95%        N/A       1%          4
 Fireball                 Conj/Fire      50%        3d20      1%          5
 Irradiate                Conj/Tmut      37%        3d24      1%          5
 Iskenderun's Battlesphe  Conj           97%        2d14      1%          5
 Lee's Rapid Deconstruct  Erth           50%        3d24*     1%          5
 Starburst                Conj/Fire      50%        6d14      1%          6
 Frozen Ramparts          Ice            90%        1d14      2%          3
 Anguish                  Hex/Necr       31%        N/A       2%          4
 Call Canine Familiar     Summ           39%        N/A       3%          3
 Confusing Touch          Hex            39%        N/A       3%          3
 Portal Projectile        Hex/Tloc       78%        N/A       3%          3
 Summon Guardian Golem    Hex/Summ       39%        N/A       3%          3
 Teleport Other           Tloc           39%        N/A       3%          3
 Tukima's Dance           Hex            39%        N/A       3%          3
 Spider Form              Tmut/Pois      36%        N/A       4%          3
 Death Channel            Necr           40%        N/A       6%          6
 Statue Form              Tmut/Erth      50%        N/A       10%         6
 Ice Form                 Ice/Tmut       41%        N/A       11%         4
 Manifold Assault         Tloc           39%        N/A       12%         4
 Passage of Golubria      Tloc           39%        N/A       12%         4
 Olgreb's Toxic Radiance  Pois           36%        N/A       13%         4
 Metabolic Englaciation   Hex/Ice        21%        N/A       28%         5
 Simulacrum               Ice/Necr       32%        N/A       28%         6
 Summon Forest            Summ/Tloc      19%        N/A       32%         5
 Yara's Violent Unravell  Hex/Tmut       19%        3d9       34%         5
 Alistair's Intoxication  Tmut/Pois      24%        N/A       36%         5
 Blade Hands              Tmut           18%        N/A       36%         5
 Spellforged Servitor     Conj/Summ      37%        N/A       52%         7
 Dispersal                Tloc           19%        N/A       88%         6
 Eringya's Noxious Bog    Tmut/Pois      18%        N/A       90%         6
 Summon Hydra             Summ           19%        N/A       100%        7
 Disjunction              Tloc           19%        N/A       100%        8
 Death's Door             Necr           40%        N/A       100%        9


Dungeon Overview and Level Annotations

Branches:
Dungeon (15/15)            Temple (0/1) D:7            Lair (5/5) D:8
 Shoals (4/4) Lair:3        Snake (4/4) Lair:3        Slime (0/5) Lair:5
    Orc (2/2) D:10            Elf (3/3) Orc:2        Vaults (5/5) D:14
  Crypt (0/3) Vaults:2     Depths (4/4) D:15            Zot (5/5) Depths:4
Volcano (visited)         Gauntlet (visited)

Altars:
Ashenzari
Elyvilon
Hepliaklqana
Kikubaaqudgha
Nemelex Xobeh
Okawaru
Ru
Sif Muna
Trog
Uskayaw
Vehumet
Xom
Yredelemnul
Jiyva
Lugonu

Shops:
D:7 (   D:9 ?[!   D:10 :   D:13 (   Orc:2 ([*(   Elf:1 ?   Elf:2 =   Shoals:4 *
Snake:1 (   Snake:3 =!(:   Vaults:5 :?!=   Depths:4 [

Portals:
Hell: Depths:1 Depths:2 Depths:3 Depths:4
Abyss: Zot:2 Depths:1 Depths:3
Pandemonium: Depths:2
Ziggurat: Depths:3

Annotations:
D:6 2 transporters
Lair:1 1 runed translucent door, laros's ghost, journeyman MiBe
Lair:3 exclusion: 4 doors
Lair:4 3 runed translucent doors, Madon's ghost, journeyman MiFi
Shoals:2 1 runed translucent door, Voland's ghost, journeyman TeAE
Elf:2 3 runed translucent doors
Depths:2 exclusion: 3 doors
Depths:4 3 exclusions


Innate Abilities, Weirdness & Mutations

You have a pair of small horns on your head.
You are agile. (Dex +4, Str/Int -1)


Message History

Casting: Plasma Beam (safe; 1% risk of failure)
Press: ? - help, Q - select action, (/) - cycle Dir - look around, f - activate The bolt of lightning hits the reaper!!
The reaper is heavily wounded.
The fiery plasma hits the reaper!!
The reaper is almost dead.
You hear an angry hiss. x2; You hear an angry growl.
You block the reaper's attack.
You hear a bark!
Casting: Plasma Beam (safe; 1% risk of failure)
Press: ? - help, Q - select action, (/) - cycle Dir - look around, f - activate The bolt of lightning hits the reaper!!!
You kill the reaper!
(D) Dungeon (T) Temple (L) Lair (A) Shoals (P) Snake Pit (M) Slime Pits (O) Orcish Mines (E) Elven Halls (V) Vaults (C) Crypt (U) Depths (H) Hell (Z) Zot
Where to? (Enter - D:1 @ (x,y), ? - help)
Okay, then.
You see here a +0 scythe of protection.
You sense a monster nearby.
The iguana hisses angrily.
The jackal barks!
An Executioner comes into view.
The Executioner gives a hideous shriek!
Casting: Plasma Beam (safe; 1% risk of failure)
Press: ? - help, Q - select action, (/) - cycle Dir - look around, f - activate The bolt of lightning hits the Executioner!
The Executioner resists.
The Executioner is moderately wounded.
The fiery plasma hits the Executioner!!
The Executioner resists.
The Executioner is heavily wounded.
The anaconda hisses angrily.
The black bear growls angrily.
The Executioner gestures.
The Executioner seems to speed up.
You block the Executioner's attack. x3
Casting: Plasma Beam (safe; 1% risk of failure)
Press: ? - help, Q - select action, (/) - cycle Dir - look around, f - activate The bolt of lightning hits the Executioner!!
The Executioner resists.
The Executioner is almost dead.
The fiery plasma hits the Executioner!
The Executioner resists.
You kill the Executioner!
A large abomination comes into view.
Casting: Plasma Beam (safe; 1% risk of failure)
Press: ? - help, Q - select action, (/) - cycle Dir - look around, f - activate The bolt of lightning hits the large abomination!!!
You destroy the large abomination!
There is a staircase leading out of the dungeon here.
You have escaped!

#.##.##........#
........##.###.#
#.##.#####.# #.#
..##.#####.# #.#
.........[.# #.#####
############ #.....# #
#####.# #############
###........@#
###....##########
##.#.............###
#..#...............#
#..#.8..#######..8.#
###..#....#Swlhh#....#
.....#.8..#######..8.#
....##...............#
.....###.8..)...)8.#####
######


There were no monsters in sight!

Vanquished Creatures
  2 dread liches
  4 orbs of fire
  2 ancient liches
  Mara (Shoals:3)
  A juggernaut (Depths:3)
  Boris (Vaults:4)
  Margery (Depths:4)
  9 Killer Klowns
  Bai Suzhen (Snake:4)
  5 curse toes
  4 caustic shrikes
  A pandemonium lord (Zot:1)
  3 golden dragons
  A bone dragon (Depths:4)
  4 electric golems
  A Tzitzimitl (Depths:3)
  Jorgrun (Shoals:2)
  16 tentacled monstrosities
  Rupert (D:15)
  A hellephant (Depths:3)
  2 liches
  A titan (Vaults:5)
  A deep elf blademaster (Elf:3)
  A deep elf master archer (Elf:3)
  25 Orb Guardians
  3 sphinxes
  An Executioner (D:1)
  Polyphemus (Shoals:3)
  8 shadow dragons
  3 quicksilver dragons
  12 death cobs
  2 tengu reavers (Vaults:5)
  A shadow dragon (shapeshifter) (Vaults:5)
  Roxanne (Shoals:4)
  Donald (Vaults:1)
  Ilsuiw (Shoals:3)
  13 storm dragons
  2 nagarajas
  15 vault wardens
  6 fire giants
  A draconian knight (Zot:1)
  7 deep elf sorcerers
  4 iron dragons
  6 frost giants
  3 draconian monks
  A draconian shifter (Zot:4)
  A draconian stormcaller (Zot:4)
  4 orc warlords
  Aizul (Snake:3)
  9 deep elf elementalists
  15 ironbound preservers
  A spriggan defender (Depths:2)
  6 war gargoyles
  4 draconian annihilators
  26 very ugly things
  8 ironbound thunderhulks
  A reaper (D:1)
  12 stone giants
  A vampire knight (Depths:4)
  4 green draconians
  6 deep elf demonologists
  A lorocyproca (Zot:4)
  5 black draconians
  3 white draconians
  4 dire elephants (Vaults:2)
  6 deep elf annihilators (Elf:3)
  2 red draconians (Zot:1)
  The ghost of Dace the Devastator, a journeyman DsCj of Vehumet (D:14)
  4 yellow draconians
  6 spark wasps
  4 purple draconians
  A minotaur (Gauntlet)
  9 fire dragons
  13 ettins
  An ettin (shapeshifter) (Vaults:5)
  5 crystal guardians
  7 deep elf death magi
  3 merfolk javelineers
  An entropy weaver (shapeshifter) (Elf:3)
  10 merfolk impalers
  7 deep elf high priests
  15 yaktaur captains
  3 hell beasts
  2 salamander tyrants (Snake:4)
  3 great orbs of eyes (Vaults:3)
  5 ice dragons
  4 catoblepae
  17 hydras
  A rakshasa (D:14)
  3 peacekeepers
  5 spriggan air magi
  9 anacondas
  2 alligator snapping turtles
  41 vault guards
  8 death yaks
  3 ogre magi
  A merfolk avatar (Shoals:4)
  8 centaur warriors
  5 two-headed ogres
  Erica (D:11)
  An alligator snapping turtle (shapeshifter) (Vaults:5)
  A satyr (Shoals:4)
  8 boulder beetles
  6 merfolk aquamancers
  19 dancing weapons
  A death knight (D:14)
  9 ironbound frosthearts
  The ghost of kalagan the Thaumaturge, a journeyman DECj of Sif Muna (Lair:3)
  4 tengu warriors (Depths:1)
  6 deep troll earth magi
  3 deep troll shamans
  2 orc high priests
  15 naga warriors
  A vampire mage (Depths:1)
  14 naga sharpshooters
  7 hell hogs (Depths:3)
  2 spriggan berserkers (Depths:4)
  Urug (D:10)
  12 shock serpents
  Sonja (Orc:2)
  18 hell knights
  13 deep elf knights
  2 spriggans (Depths:4)
  9 skysharks
  7 skeletal warriors
  A wretched star (Gauntlet)
  53 deep trolls
  A titan skeleton (Vaults:4)
  2 iron trolls
  A goliath frog (Lair:5)
  6 salamander mystics
  A shadow demon (Zot:1)
  13 deep elf archers
  A kraken simulacrum (Shoals:4)
  7 sea snakes
  An obsidian statue (Zot:5)
  8 naga ritualists
  5 glowing orange brains
  9 lindwurms
  A tengu zombie (Depths:2)
  21 harpies
  A lindwurm (shapeshifter) (D:14)
  29 deep elf pyromancers
  24 deep elf zephyrmancers
  11 necromancers
  6 phantasmal warriors (Vaults:5)
  38 ugly things
  21 ironbound convokers
  10 mana vipers
  9 wizards
  4 orc knights
  5 orc sorcerers
  20 manticores
  10 fauns
  21 salamanders
  A stone giant zombie (Vaults:4)
  4 oklob plants (Lair:5)
  7 cyclopes
  6 guardian serpents
  3 toenail golems (Volcano)
  2 centaur zombies (D:15)
  A salamander (shapeshifter) (Vaults:5)
  15 elephants
  21 vault sentinels
  19 moths of wrath
  Maurice (Orc:2)
  4 water nymphs
  14 merfolk sirens
  A stone giant skeleton (Vaults:5)
  22 naga magi
  40 black mambas
  5 gargoyles
  A yaktaur zombie (Vaults:5)
  16 cane toads
  A torpor snail (Lair:5)
  2 kobold demonologists
  A molten gargoyle (Volcano)
  An unseen horror (shapeshifter) (Vaults:5)
  5 rime drakes
  8 komodo dragons
  2 unseen horrors
  4 freezing wraiths
  A tengu conjurer (D:13)
  3 efreet
  36 yaktaurs
  An ice devil (D:14)
  A centaur skeleton (D:15)
  A tormentor (D:15)
  A yaktaur skeleton (Vaults:4)
  A merfolk (shapeshifter) (Vaults:5)
  A golden dragon simulacrum (Depths:2)
  A red devil (Depths:4)
  9 trolls
  2 hornets (Depths:4)
  A shadow dragon simulacrum (Vaults:5)
  2 hellwings (Zot:1)
  5 polar bears
  24 merfolk
  A tyrant leech (Lair:4)
  21 blink frogs
  7 dream sheep
  4 wind drakes
  A raiju (Gauntlet)
  8 snapping turtles
  13 slime creatures
  A frost giant simulacrum (Depths:2)
  6 air elementals
  22 water elementals
  A centaur simulacrum (D:15)
  An ettin skeleton (Vaults:4)
  A large abomination (D:1)
  32 yaks
  6 shadows
  8 wraiths
  6 wyverns
  A human (D:7)
  6 basilisks
  3 steam dragons
  12 vampire mosquitoes
  2 neqoxecs (Gauntlet)
  5 wargs
  3 fire elementals (Volcano)
  An acid dragon (D:13)
  41 nagas
  2 hell hounds (Elf:1)
  11 water moccasins
  An ice beast (D:6)
  2 black bears
  38 orc warriors
  A sky beast (D:6)
  26 wolves
  3 ogres
  18 centaurs
  8 kobold brigands
  Blork the orc (D:4)
  18 bullfrogs
  2 scorpions
  2 gnoll sergeants
  7 earth elementals
  3 wights (D:9)
  10 killer bees
  4 howler monkeys
  2 electric eels
  4 crimson imps (D:6)
  2 hounds (D:5)
  3 jellies
  2 human zombies
  20 orc priests
  A human skeleton (D:7)
  3 iguanas
  2 sleepcaps
  24 orc wizards
  2 hell rats (Elf:1)
  A boggart simulacrum (D:15)
  Robin (D:3)
  21 gnolls
  7 adders
  3 shadow imps
  2 white imps
  A worm (D:3)
  80 orcs
  5 endoplasms
  3 giant cockroaches
  9 hobgoblins
  18 kobolds
  4 quokkas
  4 ball pythons
  5 bats
  A frilled lizard (D:2)
  15 goblins
  A jackal skeleton (D:7)
  A jackal zombie (D:7)
  6 rats
  A lurking horror (Zot:2)
1934 creatures vanquished.

Vanquished Creatures (collateral kills)
  A deep elf blademaster (Elf:2)
  A dancing weapon (Elf:2)
2 creatures vanquished.

Vanquished Creatures (others)
  2 draconian monks (Zot:4)
  A wizard (Depths:3)
  A fire elemental (Elf:3)
  A scorpion (D:7)
  2 orc wizards (D:4)
  A quokka (Depths:1)
  4 tentacles (Shoals:4)
12 creatures vanquished.

Grand Total: 1948 creatures vanquished

Notes
Turn   | Place    | Note
-------+----------+-------------------------------------------
     0 | D:1      | GeoRichter the Deep Elf Air Elementalist began the quest
                  | for the Orb.
     0 | D:1      | Reached XP level 1. HP: 10/10 MP: 6/6
     6 | D:1      | Noticed an iguana
     6 | D:1      | Noticed an anaconda
     7 | D:1      | Noticed a black bear
   474 | D:1      | Reached XP level 2. HP: 15/15 MP: 4/8
   532 | D:1      | Found a faded altar of an unknown god.
  1035 | D:2      | Learned a level 2 spell: Static Discharge
  1196 | D:2      | Reached XP level 3. HP: 13/19 MP: 0/9
  1717 | D:2      | Reached skill level 5 in Stealth
  2070 | D:3      | Identified the +7 rapier "Newt's Undoing" {freeze, rC+
                  | Dex+4}
  2076 | D:3      | Found a broken altar of Ashenzari.
  2101 | D:3      | Reached XP level 4. HP: 19/24 MP: 4/10
  2172 | D:3      | Became a worshipper of Ashenzari the Shackled
  2517 | D:3      | Noticed Robin
  2523 | D:3      | Killed Robin
  3294 | D:3      | Found a hide-covered altar of Uskayaw.
  3307 | D:3      | Reached XP level 5. HP: 27/28 MP: 6/13
  3938 | D:4      | Learned a level 4 spell: Airstrike
  4179 | D:4      | Reached * piety under Ashenzari
  4179 | D:4      | Identified a scroll of acquirement
  4218 | D:4      | Acquired 251 gold pieces
  4401 | D:4      | Reached XP level 6. HP: 32/32 MP: 6/15
  4526 | D:4      | Noticed Blork the orc
  4563 | D:4      | Killed Blork the orc
  4564 | D:4      | Reached skill level 5 in Spellcasting
  4585 | D:4      | Identified the cursed +1 cloak of Apeoromancy {Bglg, Cun}
                  | (You found it on level 3 of the Dungeon)
  4753 | D:5      | Entered Level 5 of the Dungeon
  5010 | D:5      | Reached XP level 7. HP: 36/36 MP: 11/17
  5015 | D:5      | Reached skill level 5 in Air Magic
  5374 | D:5      | Reached ** piety under Ashenzari
  5453 | D:5      | Found a sparkling altar of Nemelex Xobeh.
  5742 | D:6      | Reached XP level 8. HP: 35/41 MP: 5/20
  5754 | D:5      | Learned a level 5 spell: Arcjolt
  5979 | D:5      | HP: 1/41 [orc warrior/+0 hand axe (4)]
  6501 | D:6      | Found a transporter.
  6888 | D:6      | Found a shimmering altar of Xom.
  7339 | D:6      | Found a hazy altar of Hepliaklqana.
  7341 | D:6      | Found a transporter.
  7347 | D:6      | Noticed a troll
  7348 | D:6      | Identified the +4 rapier "Ceroin" {venom, Int+4}
  7595 | D:6      | Reached *** piety under Ashenzari
  7693 | D:7      | Reached XP level 9. HP: 45/45 MP: 19/25
  7800 | D:7      | Found a runed translucent door.
  7817 | D:7      | Found a basalt altar of Yredelemnul.
  7996 | D:7      | Found a staircase to the Ecumenical Temple.
  8040 | D:7      | Reached **** piety under Ashenzari
  8183 | D:7      | Reached skill level 1 in Fighting
  8666 | D:7      | Found Xoelo's Weapon Emporium.
  9173 | D:8      | Reached skill level 2 in Fighting
  9173 | D:8      | Reached skill level 5 in Conjurations
  9544 | D:8      | Found a staircase to the Lair.
  9566 | D:8      | Reached skill level 10 in Air Magic
  9684 | D:8      | Reached skill level 1 in Fire Magic
 10321 | D:9      | Noticed a two-headed ogre
 10325 | D:9      | Killed a two-headed ogre
 10326 | D:9      | Reached skill level 3 in Fighting
 10326 | D:9      | Reached XP level 10. HP: 58/58 MP: 9/26
 10333 | D:9      | Learned a level 6 spell: Plasma Beam
 10615 | D:9      | Found Nuakoik's Magic Scroll Boutique.
 10623 | D:9      | Bought a scroll of amnesia for 64 gold pieces
 10623 | D:9      | Bought a scroll of teleportation for 48 gold pieces
 10788 | D:9      | Reached skill level 5 in Fire Magic
 10923 | D:9      | Found Turill's Distillery.
 10933 | D:9      | Bought 2 potions of curing for 78 gold pieces
 10933 | D:9      | Bought a potion of heal wounds for 65 gold pieces
 10933 | D:9      | Bought a potion of mutation for 104 gold pieces
 10933 | D:9      | Bought a potion of haste for 130 gold pieces
 10933 | D:9      | Bought a potion of brilliance for 52 gold pieces
 11128 | D:9      | Reached skill level 4 in Fighting
 11149 | D:9      | Identified the +6 quarterstaff of Reason {flame, rF+ Will+
                  | rCorr Int-4}
 11283 | D:9      | Found Vepsaos's Armour Shop.
 11291 | D:9      | Bought a +2 pair of boots for 231 gold pieces
 11435 | D:9      | Found an ancient bone altar of Kikubaaqudgha.
 11774 | Lair:1   | Entered Level 1 of the Lair of Beasts
 12102 | Lair:1   | Noticed a black mamba
 12104 | Lair:1   | Killed a black mamba
 12236 | Lair:1   | Reached skill level 5 in Fighting
 12444 | Lair:1   | Reached XP level 11. HP: 65/67 MP: 1/27
 12722 | Lair:1   | Noticed a boulder beetle
 12854 | Lair:1   | Killed a boulder beetle
 13088 | Lair:1   | Found a runed translucent door.
 13088 | Lair:1   | Found a shimmering altar of Xom.
 13088 | Lair:1   | Noticed a +2 flail of chaos
 13089 | Lair:1   | Noticed laros's ghost (journeyman MiBe)
 13339 | Lair:2   | Noticed a skyshark
 13639 | Lair:2   | Reached skill level 6 in Fighting
 13866 | Lair:2   | Killed a skyshark
 14084 | Lair:2   | Noticed a skyshark
 14087 | Lair:2   | Killed a skyshark
 14626 | Lair:3   | Reached skill level 5 in Dodging
 14626 | Lair:3   | Reached skill level 10 in Spellcasting
 14626 | Lair:3   | Noticed a skyshark
 14632 | Lair:3   | Killed a skyshark
 14633 | Lair:3   | Noticed a skyshark
 14849 | Lair:3   | Noticed a death yak
 14854 | Lair:3   | Noticed a death yak
 14958 | Lair:3   | Reached skill level 7 in Fighting
 14968 | Lair:3   | Killed a skyshark
 14969 | Lair:3   | Reached XP level 12. HP: 76/76 MP: 4/30
 15104 | Lair:3   | Noticed an eight-headed hydra
 15108 | Lair:3   | Killed an eight-headed hydra
 15266 | Lair:3   | Found a staircase to the Shoals.
 15515 | Lair:3   | Noticed a catoblepas
 15521 | Lair:3   | Killed a catoblepas
 15788 | Lair:3   | Noticed a six-headed hydra
 15995 | Lair:3   | Acquired the +1 pair of boots of Shielding {rN+ Int+3 SInv}
 16068 | Lair:3   | Noticed a catoblepas
 16071 | Lair:3   | Killed a catoblepas
 16071 | Lair:3   | Noticed a death yak
 16072 | Lair:3   | Reached skill level 8 in Fighting
 16156 | Lair:3   | Noticed a death yak
 16165 | Lair:3   | Killed a death yak
 16165 | Lair:3   | Noticed a death yak
 16200 | Lair:3   | Killed a death yak
 16658 | Lair:3   | Found a runed translucent door.
 16659 | Lair:3   | Found a shimmering altar of Xom.
 16659 | Lair:3   | Noticed kalagan's ghost (journeyman DECj)
 16659 | Lair:3   | Identified the Dissertation on the Coward and Necromantic
                  | Spells
 16672 | Lair:3   | Killed a six-headed hydra
 16846 | Lair:3   | Found a staircase to the Snake Pit.
 17061 | Lair:3   | Reached skill level 9 in Fighting
 17069 | Lair:3   | HP: 2/79 [polar bear (6)]
 17356 | Lair:3   | Killed a death yak
 17357 | Lair:3   | Reached skill level 10 in Dodging
 17358 | Lair:3   | Killed a death yak
 17359 | Lair:3   | Killed a death yak
 17360 | Lair:3   | Reached XP level 13. HP: 84/84 MP: 7/32
 18170 | Lair:4   | Found a bloodstained altar of Trog.
 18204 | Lair:4   | Found a dark tunnel.
 18212 | Volcano  | Entered a volcano
 18434 | Volcano  | Reached skill level 10 in Fighting
 20049 | Lair:4   | Found a runed translucent gate.
 20050 | Lair:4   | Found a runed translucent gate.
 20050 | Lair:4   | Found a runed translucent gate.
 20051 | Lair:4   | Noticed Madon's ghost (journeyman MiFi)
 20059 | Lair:4   | Identified the +0 pair of boots of Modesty {rPois rN+}
 20268 | Lair:5   | Entered Level 5 of the Lair of Beasts
 20983 | Lair:5   | Learned a level 8 spell: Maxwell's Capacitive Coupling
 21985 | Lair:4   | Reached skill level 11 in Fighting
 22264 | Lair:5   | Found a viscous altar of Jiyva.
 22268 | Lair:5   | Reached XP level 14. HP: 95/95 MP: 21/34
 22374 | Lair:5   | Found a staircase to the Slime Pits.
 22455 | Lair:5   | Acquired the +2 hat "Ciacorec" {Str+3 Int+5 Dex+3}
 24425 | D:10     | Entered Level 10 of the Dungeon
 24467 | D:10     | Noticed Urug
 24471 | D:10     | Killed Urug
 24501 | D:9      | Bought a +2 buckler of positive energy for 259 gold pieces
 24906 | D:10     | Found a staircase to the Orcish Mines.
 24942 | D:10     | Found an iron altar of Okawaru.
 24992 | D:10     | Reached skill level 1 in Shields
 25104 | D:10     | Found a sacrificial altar of Ru.
 25213 | D:10     | Found Afoicr Lunyo's Book Shoppe.
 25582 | D:11     | Noticed Erica
 25841 | D:11     | Reached skill level 15 in Air Magic
 26054 | D:11     | Killed Erica
 26713 | D:12     | Found a gate leading to a gauntlet.
 26721 | Gauntlet | Entered a Gauntlet
 26721 | Gauntlet | Found a large runed translucent door.
 26721 | Gauntlet | Found a large runed translucent door.
 26721 | Gauntlet | Found a large runed translucent door.
 26721 | Gauntlet | Found a large runed translucent door.
 26721 | Gauntlet | Found a large runed translucent door.
 26721 | Gauntlet | Found a large runed translucent door.
 26721 | Gauntlet | Found a runed translucent door.
 26721 | Gauntlet | Found a transporter.
 26721 | Gauntlet | Found a transporter.
 26721 | Gauntlet | Found a runed translucent door.
 26721 | Gauntlet | Found a large runed translucent door.
 26721 | Gauntlet | Found a large runed translucent door.
 26721 | Gauntlet | Found a large runed translucent door.
 26721 | Gauntlet | Found a large runed translucent door.
 26721 | Gauntlet | Found a large runed translucent door.
 26721 | Gauntlet | Found a large runed translucent door.
 26743 | Gauntlet | Found a transporter.
 26753 | Gauntlet | Found a transporter.
 26762 | Gauntlet | Identified the ring "Paetima" {Wiz Int+3}
 26763 | Gauntlet | Found a transporter.
 26763 | Gauntlet | Found a transporter.
 26787 | Gauntlet | Found a transporter.
 26790 | Gauntlet | Identified the staff of death "Awull" {+Blink rPois rF++
                  | rN+ Str-3}
 26794 | Gauntlet | Found a transporter.
 26812 | Gauntlet | Found a transporter.
 26821 | Gauntlet | Found a transporter.
 26825 | Gauntlet | Found a large runed translucent door.
 26826 | Gauntlet | Found a large runed translucent door.
 26828 | Gauntlet | Found a runed translucent gate.
 26829 | Gauntlet | Found a runed translucent gate.
 26830 | Gauntlet | Found a transporter.
 26830 | Gauntlet | Found a runed translucent gate.
 26830 | Gauntlet | Found the +10 zealot's sword {holy, Zealotry, *Rage rN+
                  | EV+3}
 26852 | Gauntlet | Found a transporter.
 26897 | Gauntlet | Found a transporter.
 26911 | Gauntlet | Found a transporter.
 26993 | Gauntlet | Found a large runed translucent door.
 26993 | Gauntlet | Found a large runed translucent door.
 27011 | Gauntlet | Found a transporter.
 27029 | Gauntlet | Found a transporter.
 27254 | Gauntlet | Gained mutation: You have a pair of small horns on your
                  | head. [a neqoxec]
 27535 | Gauntlet | Identified the Commentary on the Geodesic
 27535 | Gauntlet | Identified the +5 shortbow of Motabl Xics {antimagic, rCorr
                  | Str+6 Dex+3}
 27535 | Gauntlet | Identified the +1 morningstar of Ignis, Smoking {spect,
                  | rPois Int+4}
 27535 | Gauntlet | Identified the +7 chain mail "Imeol" {rN+}
 27537 | Gauntlet | Identified Hyavuzie's Catalogue of Airy Movement
 27537 | Gauntlet | Identified the +5 short sword of Rimoem {flame, Str+2}
 28763 | D:13     | You fall into a shaft and drop 2 floors!
 28763 | D:15     | Entered Level 15 of the Dungeon
 29041 | D:14     | Reached XP level 15. HP: 72/99 MP: 11/34
 29179 | D:14     | Found a gate to the Vaults.
 29423 | D:14     | Reached skill level 12 in Fighting
 29741 | D:13     | Identified the +3 falchion of Pyaxevut {drain, rPois rN++
                  | Will+ Stlth+}
 30046 | D:13     | Found Imeef's Antique Weapon Emporium.
 32385 | D:14     | Found a runed translucent door.
 32504 | D:14     | Noticed Dace's ghost (journeyman DsCj)
 33202 | D:15     | Found a staircase to the Depths.
 33375 | D:15     | Noticed Rupert
 33377 | D:15     | Killed Rupert
 33513 | D:15     | Learned a level 2 spell: Wereblood
 34110 | Orc:1    | Entered Level 1 of the Orcish Mines
 34657 | Orc:2    | Entered Level 2 of the Orcish Mines
 34657 | Orc:2    | Found a shimmering blue altar of Sif Muna.
 34704 | Orc:2    | Noticed Maurice
 34705 | Orc:2    | Killed Maurice
 34828 | Orc:2    | Found Bogeuraz's Antique Weapon Shop.
 34877 | Orc:2    | Reached skill level 1 in Short Blades
 35253 | Orc:2    | Reached skill level 13 in Fighting
 35253 | Orc:2    | Reached skill level 1 in Long Blades
 35279 | Orc:2    | Noticed Sonja
 35381 | Orc:2    | Killed Sonja
 35656 | Orc:2    | Reached XP level 16. HP: 98/107 MP: 5/38
 35904 | Orc:2    | Found Ideukazoe's Antique Armour Shop.
 35906 | Orc:2    | Found Zuthruab's Antique Weapon Boutique.
 36205 | Orc:2    | Found Xauwuile's Assorted Antiques.
 36210 | Orc:2    | Bought a potion of heal wounds for 155 gold pieces
 36222 | Orc:2    | Found a staircase to the Elven Halls.
 36346 | Orc:2    | Identified Sif Muna's Catalogue of the Caves
 36724 | Snake:1  | Entered Level 1 of the Snake Pit
 37026 | Lair:3   | Killed kalagan's ghost
 37559 | Snake:1  | Reached skill level 5 in Long Blades
 38794 | Snake:1  | Found Sinale's Weapon Boutique.
 38842 | Snake:1  | Identified the +2 leather armour of Festooned Salvation
                  | {Int+3}
 39332 | Snake:2  | Found a flickering gateway to a bazaar.
 39337 | Bazaar   | Entered a bazaar
 39338 | Bazaar   | Found Xukoj's Magic Scroll Emporium.
 39338 | Bazaar   | Found Wotety's Antique Armour Emporium.
 39339 | Bazaar   | Found Ena Ozos's Jewellery Boutique.
 39370 | Bazaar   | Found Retose Qefy's Weapon Shop.
 39393 | Snake:2  | Learned a level 3 spell: Ozocubu's Armour
 39909 | Snake:2  | Identified the +7 glaive "Houg" {heavy, rElec rF+ rC+}
 41174 | Snake:3  | Found Urhomy's Jewellery Shoppe.
 41210 | Snake:3  | Reached skill level 14 in Fighting
 41921 | Snake:3  | Found Lulus's Weapon Emporium.
 41924 | Snake:3  | Found Iha Tauw's Antique Weapon Shoppe.
 41924 | Snake:3  | Found Bacyod's Distillery.
 41973 | Snake:3  | Found Zico's Book Shoppe.
 43424 | Snake:4  | Entered Level 4 of the Snake Pit
 43494 | Snake:4  | Noticed Aizul
 43495 | Snake:4  | Noticed Bai Suzhen
 43501 | Snake:3  | Killed Aizul
 43845 | Shoals:1 | Entered Level 1 of the Shoals
 43856 | Shoals:1 | Reached XP level 17. HP: 116/116 MP: 5/40
 44469 | Shoals:1 | Reached skill level 10 in Long Blades
 45569 | Shoals:2 | Noticed Jorgrun
 45763 | Shoals:2 | Found a runed translucent door.
 45763 | Shoals:2 | Noticed Voland's ghost (journeyman TeAE)
 46160 | Shoals:2 | Killed Jorgrun
 47681 | Shoals:3 | Noticed Ilsuiw
 47818 | Shoals:3 | Noticed Polyphemus
 47868 | Shoals:3 | Killed Polyphemus
 48214 | Shoals:3 | Identified the +2 chain mail of the Floral God {rElec
                  | Dex+3}
 48214 | Shoals:3 | Noticed Mara
 48743 | Shoals:3 | Noticed GeoRichter's illusion
 49017 | Shoals:3 | Noticed GeoRichter's illusion
 49052 | Shoals:3 | Killed Mara
 49273 | Shoals:3 | Killed Ilsuiw
 49668 | Shoals:4 | Entered Level 4 of the Shoals
 49892 | Shoals:4 | Identified the +1 leather armour of the Sacrificial Victim
                  | {Will+}
 50052 | Shoals:4 | Reached skill level 15 in Fighting
 50923 | Shoals:4 | Identified Roxanne's Enchiridion on Reformation
 50923 | Shoals:4 | Noticed Roxanne
 50970 | Shoals:4 | Killed Roxanne
 50971 | Shoals:4 | Reached XP level 18. HP: 124/124 MP: 8/41
 51791 | Shoals:4 | Found Catyum's Assorted Antiques.
 51881 | Shoals:4 | Got a barnacled rune of Zot
 52436 | Vaults:1 | Entered Level 1 of the Vaults
 52703 | D:14     | Killed Dace's ghost
 53770 | Snake:3  | Bought the amulet of Vitality {RegenMP++ Regen++} for 1900
                  | gold pieces
 53770 | Snake:3  | Found the amulet of Vitality {RegenMP++ Regen++}
 54336 | Snake:4  | Killed Bai Suzhen
 54538 | Snake:4  | Reached skill level 5 in Shields
 54968 | Snake:4  | Identified the +4 chain mail "Natazeom" {Int+5 Dex+6}
 55568 | Snake:4  | Got a serpentine rune of Zot
 55993 | Elf:1    | Entered Level 1 of the Elven Halls
 55998 | Elf:1    | Reached XP level 19. HP: 131/131 MP: 36/42
 56057 | Elf:1    | Found a radiant altar of Vehumet.
 56127 | Elf:1    | Reached skill level 16 in Fighting
 56283 | Elf:1    | Identified the Discursus on Accompaniment
 57166 | Elf:1    | Found Bed Abo's Magic Scroll Emporium.
 57214 | Elf:1    | Bought a scroll of summoning for 123 gold pieces
 57704 | Elf:2    | Found a runed translucent gate.
 57706 | Elf:2    | Found a runed translucent gate.
 57706 | Elf:2    | Found a runed translucent gate.
 57746 | Elf:2    | Found a portal to a secret trove of treasure.
 58050 | Elf:2    | Found Wob Hav's Jewellery Shop.
 58233 | Elf:3    | Entered Level 3 of the Elven Halls
 58285 | Elf:3    | Paralysed by an air elemental for 1 turns
 58470 | Elf:3    | Paralysed by an air elemental for 1 turns
 58474 | Elf:3    | Paralysed by an air elemental for 1 turns
 58637 | Elf:3    | Reached skill level 10 in Shields
 59264 | Elf:2    | HP: 2/133 [deep elf blademaster/+3 rapier (12)]
 59469 | Elf:3    | Reached XP level 20. HP: 131/139 MP: 24/43
 59548 | Elf:3    | Reached skill level 17 in Fighting
 59960 | Elf:3    | Identified the Folio of the Robin
 59960 | Elf:3    | Identified the +6 war axe of Defenestration {drain, rPois
                  | rN++}
 59960 | Elf:3    | Identified the +5 broad axe of Vierchoda {flame, rElec
                  | Int-2 Stlth+}
 59963 | Elf:3    | Identified the Volume of Bombardment
 59963 | Elf:3    | Identified the +0 chain mail "Syturouz" {rPois Dex+8}
 59966 | Elf:3    | Identified the staff of cold "Sotiazan" {rPois rC+ rCorr
                  | Str+6 Dex-5}
 59972 | Elf:3    | Identified the +8 broad axe of Grace {antimagic, Str+2
                  | SInv}
 60054 | Elf:3    | Identified the +2 robe "Vael" {Archmagi}
 60054 | Elf:3    | Identified the +8 morningstar "Walymed" {drain, rPois Str-2
                  | Int+4 Dex+3}
 60056 | Elf:3    | Identified the +4 helmet "Buuk" {Str+3 Dex+2}
 60056 | Elf:3    | Identified the ring "Azxi" {rElec rF+ Will+ rCorr Str-5}
 60058 | Elf:3    | Identified the +0 chain mail of Theory {rF+ Will- Str+4}
 60846 | Vaults:1 | Identified the +2 kite shield "Saxuar" {Str+3 Dex+2}
 60846 | Vaults:1 | Noticed Donald
 60849 | Vaults:1 | Killed Donald
 61218 | Vaults:1 | Found the +18 shield of the Gong {Loud rN+ Will+ rCorr
                  | EV-5}
 61730 | Elf:2    | Bought the ring of Gyaf {rPois Dex+6 SInv} for 668 gold
                  | pieces
 62176 | Vaults:2 | Reached skill level 18 in Fighting
 62273 | Vaults:2 | Learned a level 5 spell: Borgnjor's Vile Clutch
 62282 | Vaults:2 | Reached skill level 1 in Earth Magic
 62384 | Vaults:2 | Found a staircase to the Crypt.
 62384 | Vaults:2 | Found an ancient bone altar of Kikubaaqudgha.
 62384 | Vaults:2 | Found a basalt altar of Yredelemnul.
 62527 | Vaults:2 | Reached skill level 1 in Evocations
 62789 | Vaults:2 | Reached skill level 5 in Earth Magic
 63879 | Vaults:3 | Reached XP level 21. HP: 148/148 MP: 38/44
 64179 | Vaults:3 | Reached skill level 1 in Necromancy
 64502 | Vaults:3 | Reached skill level 5 in Evocations
 64576 | Vaults:4 | Noticed Boris
 64815 | Vaults:4 | Killed Boris
 64950 | Vaults:4 | Reached skill level 5 in Necromancy
 65326 | Vaults:4 | Identified the staff of poison "Oklacur" {rPois rF- Int+6}
 65441 | Vaults:4 | Reached ***** piety under Ashenzari
 65833 | Vaults:5 | Entered Level 5 of the Vaults
 66034 | Depths:1 | Entered Level 1 of the Depths
 66039 | Depths:1 | Reached skill level 1 in Armour
 66413 | Depths:1 | Found a one-way gate to the infinite horrors of the Abyss.
 66598 | Depths:1 | Found a gateway to Hell.
 66613 | Depths:1 | Reached skill level 15 in Dodging
 66662 | Depths:1 | Found a white marble altar of Elyvilon.
 67643 | Depths:2 | Found a one-way gate leading to the halls of Pandemonium.
 67719 | Depths:2 | Reached XP level 22. HP: 158/158 MP: 40/46
 67909 | Depths:3 | Reached skill level 19 in Fighting
 68009 | Depths:3 | Noticed a juggernaut
 68012 | Depths:3 | Killed a juggernaut
 68292 | Depths:3 | Found a one-way gateway to a ziggurat.
 68303 | Depths:3 | Found a corrupted altar of Lugonu.
 68361 | Depths:3 | Found a bloodstained altar of Trog.
 68806 | Elf:2    | You paid a toll of +4 fire dragon scales to enter a
                  | treasure trove
 68807 | Trove    | Entered a treasure trove
 68812 | Trove    | Identified the +2 hat of Tortured Beauty {Int+2 Dex+2}
 68812 | Trove    | Identified the ring of Xuluseol {rN+ Int+3 Dex+6 Stlth+}
 68812 | Trove    | Identified the amulet "Keiraj" {Spirit rPois}
 68812 | Trove    | Found the +11 Singing Sword {sonic wave}
 68812 | Trove    | Identified the ring "Notsuk" {rF+ Str-3 Int+4 Slay+3}
 69307 | Depths:3 | Reached skill level 10 in Evocations
 69710 | Depths:3 | Paralysed by an air elemental for 1 turns
 69820 | Depths:3 | Identified the staff of poison "Niomm" {rPois rC- MP+9
                  | Dex+3}
 69844 | Depths:3 | Learned a level 6 spell: Iron Shot
 69877 | Depths:3 | Noticed an ancient lich
 69885 | Depths:3 | Killed an ancient lich
 69923 | Depths:4 | Entered Level 4 of the Depths
 70059 | Depths:4 | Noticed a caustic shrike
 70063 | Depths:4 | Noticed a caustic shrike
 70066 | Depths:4 | Killed a caustic shrike
 70066 | Depths:4 | Noticed a caustic shrike
 70068 | Depths:4 | Killed a caustic shrike
 70069 | Depths:4 | Killed a caustic shrike
 70069 | Depths:4 | Noticed a caustic shrike
 70261 | Depths:4 | Noticed Margery
 70431 | Depths:3 | Killed a caustic shrike
 70583 | Depths:3 | Reached skill level 5 in Armour
 70718 | Depths:4 | Killed Margery
 70817 | Depths:4 | Found a gate to the Realm of Zot.
 70900 | Depths:4 | Found Guleffe's Antique Armour Shoppe.
 71834 | Vaults:5 | Reached XP level 23. HP: 162/165 MP: 10/47
 71915 | Vaults:5 | Identified the ring of Huelegoe {Ice *Corrode rN+++ Dex-3
                  | SInv}
 72172 | Vaults:5 | Identified Sif Muna's Directory of Posthumous Distance
 72172 | Vaults:5 | Found the +3 crown of Dyrovepreva {rElec Int+2 SInv}
 72184 | Vaults:5 | Got a silver rune of Zot
 72241 | Vaults:5 | Noticed a dread lich
 72245 | Vaults:5 | Killed a dread lich
 72267 | Vaults:5 | a rockslime changed into a juggernaut
 72267 | Vaults:5 | Noticed a juggernaut (glowing shapeshifter)
 72834 | Vaults:5 | Reached skill level 20 in Fighting
 73034 | Vaults:5 | Found Bakagyok's Book Emporium.
 73558 | Vaults:5 | Found Coniucin's Distillery.
 73558 | Vaults:5 | Found Zogy's Magic Scroll Shop.
 73562 | Vaults:5 | Bought a potion of experience for 1000 gold pieces
 73562 | Vaults:5 | Bought a potion of invisibility for 160 gold pieces
 73562 | Vaults:5 | Bought a potion of magic for 160 gold pieces
 73562 | Vaults:5 | Bought a potion of haste for 200 gold pieces
 73562 | Vaults:5 | Bought a potion of brilliance for 80 gold pieces
 73562 | Vaults:5 | Reached XP level 24. HP: 174/174 MP: 47/47
 73569 | Vaults:5 | Bought a scroll of acquirement for 728 gold pieces
 73569 | Vaults:5 | Acquired 817 gold pieces
 73579 | Vaults:5 | Found Susch's Jewellery Boutique.
 74165 | Zot:1    | Entered Level 1 of the Realm of Zot
 74310 | Zot:1    | Found a white marble altar of Elyvilon.
 75087 | Zot:1    | Found a sparkling altar of Nemelex Xobeh.
 75406 | Zot:2    | Reached XP level 25. HP: 68/180 MP: 2/47
 75654 | Zot:2    | Found a corrupted altar of Lugonu.
 76316 | Zot:3    | Noticed an orb of fire
 76363 | Zot:3    | Killed an orb of fire
 76569 | Zot:3    | Reached skill level 15 in Shields
 76929 | Zot:4    | Noticed a Killer Klown
 76935 | Zot:4    | Killed a Killer Klown
 77035 | Zot:4    | Reached skill level 10 in Conjurations
 77339 | Zot:4    | Reached skill level 21 in Fighting
 77438 | Zot:4    | Reached ****** piety under Ashenzari
 77575 | Zot:5    | Entered Level 5 of the Realm of Zot
 77816 | Zot:5    | Noticed an orb of fire
 77820 | Zot:5    | Killed an orb of fire
 78085 | Zot:5    | Noticed a dread lich
 78095 | Zot:5    | Killed a dread lich
 78128 | Zot:5    | Noticed an ancient lich
 78134 | Zot:5    | Killed an ancient lich
 78176 | Zot:5    | Noticed a Killer Klown
 78320 | Zot:5    | Noticed a Killer Klown
 78334 | Zot:5    | Killed a Killer Klown
 78344 | Zot:5    | Killed a Killer Klown
 78379 | Zot:5    | Noticed a Killer Klown
 78392 | Zot:5    | Killed a Killer Klown
 78485 | Zot:5    | Noticed an orb of fire
 78489 | Zot:5    | Gained mutation: You are agile. (Dex +4, Str/Int -1) [an
                  | orb of fire]
 78497 | Zot:5    | Killed an orb of fire
 78641 | Zot:5    | Noticed a Killer Klown
 78645 | Zot:5    | Killed a Killer Klown
 78727 | Zot:5    | Reached skill level 10 in Stealth
 78738 | Zot:5    | Noticed a Killer Klown
 78741 | Zot:5    | Killed a Killer Klown
 78748 | Zot:5    | Noticed an orb of fire
 78752 | Zot:5    | Killed an orb of fire
 78752 | Zot:5    | Noticed a Killer Klown
 78757 | Zot:5    | Noticed a Killer Klown
 78758 | Zot:5    | Killed a Killer Klown
 78805 | Zot:5    | Killed a Killer Klown
 78828 | Zot:5    | Noticed a Killer Klown
 78830 | Zot:5    | Killed a Killer Klown
 78854 | Zot:5    | Reached XP level 26. HP: 188/188 MP: 19/48
 79003 | Zot:5    | Got the Orb of Zot
 79190 | Zot:1    | Noticed Piybb the pandemonium lord
 79197 | Zot:1    | Killed Piybb the pandemonium lord
 79273 | Depths:3 | Noticed a seraph
 79668 | D:$      | Escaped with the Orb!

Illustrated notes

Levels and vault maps discovered:
D:1:      onia_arrival_zoo_common, layout_loops_cross,
          shapermc_ecumenical_altar_mp_urbaneastern, chequers_hall_statues_y
D:2:      layout_basic
D:3:      layout_basic, cheibrodos_ashenzari_chains,
          nicolae_overflow_hidden_temple, uniq_robin
D:4:      layout_loops_corners, chequers_jeans, uniq_blork_the_orc
D:5:      layout_rooms, nemelex_diamond_rough_becter
D:6:      layout_basic, led_xom_imps, gammafunk_temple_overflow_arena,
          st_stairs_13, nicolae_concentric_dashed_squares_mild
D:7:      layout_basic, dk_yredelemnul_ordeal, minmay_temple_entry_waves,
          serial_shops, shop
D:8:      layout_loops_cross, dpeg_oklobed_lair
D:9:      layout_long_grid, mainiacjoe_overflow_boulevard, serial_shops, shop,
          shop, shop, minmay_misc_feat_ornament
D:10:     layout_cave_pools, okawaru_trees_1, nicolae_ru_the_path_less_chosen,
          orc_0_dummy, serial_shops, kennysheep_little_box,
          grunt_decor_resistance, nrook_campfire, uniq_urug
D:11:     layout_cross, uniq_erica
D:12:     layout_loops_ring, gauntlet_entry_generic
D:13:     layout_roguey, serial_shops, shop, minmay_shattered_shrine
D:14:     layout_stronghold, erik_vaults_2, ebering_ghost_reflecting_pool,
          hangedman_ranch
D:15:     grunt_enter_depths_magical_seal, layout_stronghold,
          minmay_misc_feat_tiny, uniq_rupert
Lair:1:   layout_big_grid, ebering_ghost_xom
Lair:2:   layout_long_grid
Lair:3:   nzn_winding_woodlands_large [nzn_winding_woodlands_5x5_default,
          nzn_winding_woodlands_5x15_jagged,
          nzn_winding_woodlands_5x5_open_star,
          nzn_winding_woodlands_center_pierced_h,
          nzn_winding_woodlands_15x15_killbox,
          nzn_winding_woodlands_center_lodge,
          nzn_winding_woodlands_5x5_perimeter,
          nzn_winding_woodlands_5x15_zeroes,
          nzn_winding_woodlands_5x5_closed_star], layout_hall_layers,
          elwin_shoals_entry_rocks, minmay_snake_entry_guardpost_medium,
          ebering_ghost_xom, pdpol_lair_neglected_garden
Lair:4:   layout_concentric_octagons, gammafunk_ghost_necromancy, basic_altar,
          lightli_volcano_entry_magma_tube, nicolae_lair_yak_garden,
          serial_bayou_shore_a
Lair:5:   minmay_lair_end_frog_pond, layout_gridlike,
          minmay_slime_entry_oklob_enclosed, chequers_serial_rivers_small_a,
          serial_bayou_shore_b
Shoals:1: layout_shoals
Shoals:2: layout_shoals, ebering_ghost_inner_flame, uniq_jorgrun
Shoals:3: layout_shoals, uniq_mara, uniq_ilsuiw, uniq_polyphemus
Shoals:4: shoals_end_grunt_ice, layout_shoals, serial_shops, shop,
          nicolae_shoals_elemental_ambush, uniq_roxanne
Snake:1:  layout_gridlike, serial_shops, nicolae_shop_waterfront,
          grunt_megastairs_3
Snake:2:  layout_cave_town, serial_shops, bzr_entry_dummy,
          nicolae_snake_serpentine_hallways, drop_trap, grunt_ministairs_5
Snake:3:  layout_chambers, serial_shops, nicolae_shop_tiny_glass,
          minmay_shoptagon, grunt_megastairs_1
Snake:4:  snake_pit_salamanders_mu, layout_misc_corridors,
          serial_bayou_crossing, serial_bayou_shore_b, uniq_bai_suzhen,
          uniq_aizul
Orc:1:    layout_caves
Orc:2:    grunt_orc_community_town_hall, layout_caves,
          grunt_orc_community_big_house_1, grunt_orc_community_big_house_2,
          grunt_orc_community_house_1, grunt_orc_community_house_1,
          grunt_orc_community_house_3, grunt_orc_community_house_1,
          grunt_orc_community_house_3, basic_altar, led_sif_book, uniq_sonja,
          uniq_maurice
Elf:1:    eino_elf_arrival_altar, layout_gridlike, serial_shops, shop,
          special_room [special_room_mythical_zoo], minmay_elf_demonology,
          dk_noncrumbling_2, st_stairs_6
Elf:2:    elven_hall_of_blades_hangedman_original [nicolae_blade_tridents],
          layout_loops_corners, serial_shops, nicolae_shop_just_a_little_nook,
          nicolae_trove_entry_free_sample
Elf:3:    minmay_elf_hall_four_x, layout_geoelf_octagon,
          serial_sigils_hangedman_etch
Vaults:1: vaults_mumra_minichess_inversion, v_alt_pattern_2,
          hangedman_vaults_corner_blocks, nicolae_vaults_shrinking_rooms_2,
          nicolae_vaults_circle_grid_a, nicolae_vaults_spaceships,
          vaults_mumra_hexcomb, hellmonk_guarded_unrand_gong, v_misc_27,
          nicolae_vaults_storage_room_glass, v_misc_13,
          nicolae_vaults_diamond_2, layout_vaults_ring, uniq_donald
Vaults:2: minmay_crypt_entry_necro_gods, nicolae_vaults_security_offices_2,
          v_misc_8, hangedman_vaults_corner,
          nicolae_vaults_trapezoid_lopsided_2, nicolae_vaults_tetromino_Z_1,
          ontoclasm_vaults_chip, hangedman_vaults_restitches,
          ontoclasm_vaults_shuriken, v_rooms_4, nicolae_vaults_house_3,
          ontoclasm_vaults_chip, v_misc_23, ontoclasm_vaults_misaligned,
          nicolae_vaults_house_2, nicolae_vaults_cornered_office,
          layout_vaults_maze_snakey
Vaults:3: nicolae_vaults_shrinking_rooms_1, nicolae_vaults_wine_cellar,
          ontoclasm_vaults_decontamination, vaults_room_semicircle,
          nicolae_vaults_trapezoid_lopsided_3, vaults_room_grunt_arrival_ludios,
          v_misc_32, nicolae_vaults_diamond_2, nicolae_vaults_storage_closets_2,
          layout_vaults_omnigrid
Vaults:4: v_rooms_3, nicolae_vaults_tetromino_T_2, nicolae_vaults_cochlea,
          nicolae_vaults_circle_grid_a, nicolae_vaults_murder_corner,
          nicolae_vaults_diamond_2, ontoclasm_vaults_pinch,
          nicolae_vaults_little_squares_5, layout_vaults_big_room, uniq_boris
Vaults:5: serial_shops
Depths:1: layout_cave_pools, abyss_entry, hell_entry, elyvilon_altar_4,
          nicolae_triple_integral
Depths:2: gammafunk_depths_water_palace, layout_gridlike, nicolae_two_hexagons,
          hell_entry, grunt_pan_entry_zigzag, uniq_enchantress
Depths:3: constructs_gauntlet_mu_hangedman, layout_gridville, enter_ziggurat_b,
          abyss_entry_flame_altar, lemuel_crystal_altar, grunt_hell_horde
Depths:4: evilmike_zot_entry_argh, layout_basic, nrook_pool_corridor,
          serial_shops, shop, grunt_hell_entry_dis_mu, grunt_ministairs_8,
          uniq_margery
Zot:1:    layout_gridlike, hangedman_feature_mirror, grunt_megastairs_2
Zot:2:    layout_basic, amcnicky_altar_lugonu_corruption
Zot:3:    layout_gridville, hangedman_zot_decor_checkerboard
Zot:4:    infiniplex_zot_generator, layout_onion_interference
Zot:5:    layout_basic, st_stairs_7, grunt_ministairs_3

Skill      XL: |  1  2  3  4  5  6  7  8  9 10 11 12 13 14 15 16 17 18 19 20 21 22 23 24 25 26 |
---------------+-------------------------------------------------------------------------------+-----
Stealth        | 3 4 5 12 14 | 14.6
Conjurations   | 2 3 4 5 7 8 11 | 11.6
Spellcasting   | 4 5 7 8 10 11 12 14 | 14.7
Air Magic      | 4 6 9 10 11 12 13 15 16 18 19 | 19.2
Fighting       | 3 5 7 9 11 13 14 15 16 18 19 20 21 | 21.1
Fire Magic     | 4 7 9 |  9.0
Dodging        | 5 10 12 13 14 15 16 18 19 | 19.8
Shields        | 4 6 11 12 13 14 15 | 15.4
Short Blades   | 1 |  1.7
Long Blades    | 2 9 10 | 10.1
Earth Magic    | 6 7 |  7.6
Evocations     | 3 8 11 | 11.9
Necromancy     | 6 |  6.1
Armour         | 3 5 |  5.0

Action                     |  1- 3 |  4- 6 |  7- 9 | 10-12 | 13-15 | 16-18 | 19-21 | 22-24 | 25-27 || total
---------------------------+-------+-------+-------+-------+-------+-------+-------+-------+-------++-------
  Melee: Dagger            |     3 |       |       |       |       |       |       |       |       ||     3
         Rapier            |     6 |    20 |     8 |    71 |   108 |       |       |       |       ||   213
         Punch             |       |     1 |       |     1 |     7 |       |       |       |       ||     9
         Eudemon blade     |       |       |       |       |   151 |   136 |   209 |    94 |    40 ||   630
         Headbutt          |       |       |       |       |    37 |    30 |    62 |    29 |    18 ||   176
   Cast: Shock             |    95 |   116 |   118 |    78 |     4 |       |       |       |       ||   411
         Static Discharge  |       |     2 |    20 |       |       |       |       |       |       ||    22
         Airstrike         |       |     1 |    70 |    38 |    13 |       |       |       |     6 ||   128
         Arcjolt           |       |       |    11 |    19 |    33 |    25 |    19 |    18 |     3 ||   128
         Plasma Beam       |       |       |       |    91 |   350 |   590 |   672 |   469 |   281 ||  2453
         Wereblood         |       |       |       |       |     7 |     2 |     2 |       |       ||    11
         Ozocubu's Armour  |       |       |       |       |       |     1 |     2 |       |       ||     3
         Maxwell's Capacit |       |       |       |       |       |     4 |     2 |       |     8 ||    14
         Borgnjor's Vile C |       |       |       |       |       |       |     5 |    15 |    11 ||    31
         Iron Shot         |       |       |       |       |       |       |       |    10 |    26 ||    36
 Invoke: Curse Item        |       |     2 |     4 |     1 |     2 |     1 |     3 |     1 |     1 ||    15
         Shatter the Chain |       |       |       |     1 |     2 |     1 |     1 |       |       ||     5
  Evoke: Wand              |       |       |       |     1 |       |       |       |       |       ||     1
         Phantom mirror    |       |       |       |       |       |       |     1 |       |       ||     1
    Use: Potion            |       |     3 |     2 |     3 |    10 |     7 |     5 |     4 |     8 ||    42
         Scroll            |       |     1 |       |     3 |     3 |     8 |     5 |     7 |     7 ||    34
   Stab: Invisible         |       |       |       |       |     1 |       |       |       |       ||     1
         Distracted        |       |       |       |       |     1 |       |       |     2 |       ||     3
         Sleeping          |       |       |       |       |       |     2 |       |       |       ||     2
 Armour: Robe              |    11 |    25 |    13 |    43 |    60 |    34 |    13 |     5 |    11 ||   215
         Skin              |       |     3 |       |       |       |       |       |       |       ||     3
  Dodge: Dodged            |    19 |    24 |    38 |   108 |   409 |   286 |   181 |   200 |   254 ||  1519
  Block: Buckler           |       |       |       |       |   169 |   179 |       |       |       ||   348
         Reflection        |       |       |       |       |    12 |    32 |    10 |       |       ||    54
         Tower shield      |       |       |       |       |       |    23 |   124 |       |       ||   147
         Kite shield       |       |       |       |       |       |     3 |   116 |   169 |   211 ||   499
